 Dungeon Crawl Stone Soup version 0.29-a0-371-g91724d5b39 (webtiles) character file.

Game seed: 5052764012652828003

1633 Bruhh the Thaumaturge (level 9, -5/57 (69) HPs)
             Began as a Human Ice Elementalist on May 3, 2022.
             Slain by a wight
             ... wielding a +0 halberd
              (8 damage)
             ... on level 6 of the Dungeon.
             The game lasted 00:16:50 (7133 turns).

Bruhh the Thaumaturge (Human Ice Elementalist)      Turns: 7133, Time: 00:16:51

HP:   -5/57 (69)    AC:  3    Str: 10    XL:     9   Next: 18%
MP:   30/30         EV: 12    Int: 19    God:
Gold: 350           SH:  5    Dex: 13    Spells: 17/24 levels left

rFire   + . .      SeeInvis .   v - +4 flail (venom)
rCold   . . .      Faith    .   (no shield)
rNeg    . . .      Spirit   .   E - +0 robe {rF+}
rPois   .          Reflect  +   (no helmet)
rElec   .          Harm     .   q - +0 cloak
rCorr   .          Rampage  .   (no gloves)
Will    .....                   (no boots)
Stlth   ++........              f - amulet of reflection
HPRegen 0.19/turn               s - ring of wizardry
MPRegen 0.22/turn               x - ring of magical power

@: heavily drained
A: no striking features
a: no special abilities


You were on level 6 of the Dungeon.
You visited 1 branch of the dungeon, and saw 6 of its levels.

You collected 350 gold pieces.

Inventory:

Hand Weapons
 v - a +4 flail of venom (weapon)
Missiles
 g - 162 stones
 y - a throwing net
Armour
 a - a +0 robe
 q - a +0 cloak (worn)
 E - a +0 robe of fire resistance (worn)
Jewellery
 f - an amulet of reflection (around neck)
 l - a ring of flight
 s - a ring of wizardry (left hand)
 x - a ring of magical power (right hand)
Wands
 w - a wand of polymorph (10)
Scrolls
 d - 2 scrolls of acquirement {unknown}
 i - 3 scrolls of identify {unknown}
 m - 2 scrolls of enchant weapon {unknown}
 o - 2 scrolls of fear {unknown}
 p - 2 scrolls of immolation {unknown}
 u - a scroll of magic mapping {unknown}
 A - a scroll of torment {unknown}
 B - a scroll of noise {unknown}
 C - a scroll of fog {unknown}
Potions
 b - a potion of magic
 c - 3 potions of lignification {unknown}
 e - 5 potions of curing {unknown}
 h - a potion of might {unknown}
 j - 2 potions of brilliance {unknown}
 k - a potion of haste {unknown}
 n - 4 potions of heal wounds {unknown}
 r - a potion of invisibility {unknown}
 t - 3 potions of mutation {unknown}
 z - a potion of flight {unknown}
 D - 2 potions of berserk rage {unknown}


   Skills:
 + Level 6.3 Fighting
 - Level 2.0 Dodging
 - Level 2.0 Stealth
 - Level 8.0 Spellcasting
 - Level 5.0 Ice Magic


You had 17 spell levels left.
You knew the following spells:

 Your Spells              Type           Power      Damage    Failure   Level
a - Freeze                Ice            100%       1d11      1%          1
b - Frozen Ramparts       Ice            52%        1d7       1%          3
c - Ozocubu's Armour      Ice            26%        N/A       1%          3

Your spell library contained the following spells:

 Spells                   Type           Power      Damage    Failure   Level
 Hailstorm                Conj/Ice       17%        3d6       13%         4
 Blade Hands              Tmut           3%         N/A       65%         5
 Irradiate                Conj/Tmut      3%         3d14      65%         5
 Dragon Form              Tmut           3%         N/A       100%        7


Dungeon Overview and Level Annotations

Branches:
Dungeon (6/15)
 Temple: D:4-7

Altars:
Ashenzari
Uskayaw
Vehumet
Wu Jian
Xom
The Shining One

Shops:
D:1 (


Message History

You hit the wight but do no damage. Your punch misses the wight.
The wight hits you with a +0 halberd.
You feel drained.
You barely miss the wight. The wight hits you with a +0 halberd!
You feel drained. You block the wight's attack.
A wight is nearby!
You sock the wight!
The wight is heavily damaged.
The wight hits you but does no damage.
You are too injured to fight recklessly!
You are too injured to fight recklessly!
You are too injured to fight recklessly!
A wight is nearby!
A wight is nearby!
A wight is nearby!
You barely miss the wight.
The wight is heavily damaged.
The wight closely misses you.
You hit the wight.
The wight is severely damaged.
The wight hits you with a +0 halberd. The wight closely misses you.
You closely miss the wight.
The wight is severely damaged.
The wight barely misses you.
You hit the wight but do no damage.
The wight is severely damaged.
The wight hits you with a +0 halberd!
* * * LOW HITPOINT WARNING * * *
The wight hits you with a +0 halberd!
* * * LOW HITPOINT WARNING * * *
You feel drained.
* * * LOW HITPOINT WARNING * * *
Your icy armour will break if you move.
Continue?
The wight attacks as you move away! The wight hits you but does no damage.
Your icy armour cracks and falls away as you move.
You block the wight's attack.
Things that are here:
a +0 robe; a +5 flail
There is a stone staircase leading up, spattered with blood here.
The wight hits you from afar with a +0 halberd!
You die...

#.##...8....# .#
##..#.#...#.##...
............#.... ..
#...#...#......#
....##...#......# ..#
................#....
.....................
...........z[........
............#@.....##
............#....#.#
..............#..# #
#.#.+#######+.#.##
###. #.### # #.# ###


You could see a wight.

Vanquished Creatures
  A steam dragon (D:6)
  Edmund (D:4)
  2 black bears
  An ice beast (D:5)
  3 ogres
  A phantom (D:4)
  A necrophage (D:6)
  3 wights
  A crimson imp (D:4)
  A hound (D:4)
  2 jellies (D:5)
  2 orc priests (D:5)
  3 iguanas
  2 orc wizards (D:6)
  10 gnolls
  6 adders
  A river rat (D:3)
  An ufetubus (D:6)
  A worm (D:4)
  2 dart slugs
  20 orcs
  9 ball pythons
  5 endoplasms
  2 giant cockroaches
  3 goblins
  3 hobgoblins
  6 jackals
  4 quokkas
  7 bats
  3 frilled lizards
  A goblin skeleton (D:4)
  2 hobgoblin zombies (D:4)
  5 kobolds
  3 kobold skeletons (D:4)
  A kobold zombie (D:4)
  3 orc zombies (D:4)
  7 rats
129 creatures vanquished.

Notes
Turn   | Place    | Note
-------+----------+-------------------------------------------
     0 | D:1      | Bruhh the Human Ice Elementalist began the quest for the
                  | Orb.
     0 | D:1      | Reached XP level 1. HP: 13/13 MP: 3/3
   315 | D:1      | Reached XP level 2. HP: 19/19 MP: 1/5
   401 | D:1      | Found Rosacic's Weapon Emporium.
   533 | D:1      | Found a faded altar of an unknown god.
  1076 | D:1      | Reached XP level 3. HP: 24/24 MP: 4/6
  1365 | D:1      | Learned a level 3 spell: Frozen Ramparts
  1369 | D:1      | Learned a level 3 spell: Ozocubu's Armour
  1718 | D:2      | Reached XP level 4. HP: 22/30 MP: 0/8
  2028 | D:2      | Reached skill level 3 in Spellcasting
  2610 | D:3      | Found a radiant altar of Vehumet.
  3102 | D:3      | Reached skill level 5 in Ice Magic
  3219 | D:3      | Reached XP level 5. HP: 30/35 MP: 5/10
  3487 | D:3      | Found a hide-covered altar of Uskayaw.
  3761 | D:4      | Noticed Edmund
  3767 | D:4      | Killed Edmund
  3768 | D:4      | Reached skill level 5 in Spellcasting
  3768 | D:4      | Reached XP level 6. HP: 34/41 MP: 0/13
  4137 | D:4      | Found a glowing golden altar of the Shining One.
  4249 | D:4      | Reached XP level 7. HP: 24/46 MP: 15/15
  4533 | D:4      | Found an ornate altar of the Wu Jian Council.
  4743 | D:5      | Entered Level 5 of the Dungeon
  4753 | D:5      | Reached skill level 6 in Spellcasting
  4983 | D:5      | Found a shimmering altar of Xom.
  5067 | D:5      | Found a broken altar of Ashenzari.
  5140 | D:5      | Reached skill level 7 in Spellcasting
  5276 | D:5      | Reached XP level 8. HP: 32/52 MP: 12/19
  5749 | D:5      | Reached skill level 8 in Spellcasting
  5754 | D:5      | Reached skill level 1 in Fighting
  6293 | D:6      | Reached skill level 5 in Fighting
  6293 | D:6      | Reached XP level 9. HP: 36/68 MP: 16/21
  7129 | D:6      | HP: 2/57 [wight/+0 halberd (1)]
  7133 | D:6      | Slain by a wight

Illustrated notes

Levels and vault maps discovered:
D:1:      denvon_arrival_waterhouse, layout_basic, serial_shops,
          nicolae_shop_window_shopping, ebering_ecumenical_altar_ruins
D:2:      layout_rooms
D:3:      layout_loops_cross, nicolae_uskayaw_suspiria, vehumet_crystals,
          portal_sewer_entry_e
D:4:      layout_loops_ring, nicolae_tso_besieged_by_evil,
          lemuel_coloured_pillars_altar, uniq_edmund
D:5:      layout_gridville, kennysheep_mini, amcnicky_altar_gilded
D:6:      layout_cave_pools, nicolae_ru_great_annihilating_truth,
          jmf_multi_god_temple2, serial_column_ruins, column_ruins_open_tiny,
          column_ruins_open_tiny, column_ruins_columns_straight,
          column_ruins_columns_plus, column_ruins_corridor_dead_end

Skill      XL: |  1  2  3  4  5  6  7  8  9 |
---------------+----------------------------+-----
Spellcasting   | 3 5 7 8 |  8.0
Ice Magic      | 5 |  5.0
Fighting       | 5 6 |  6.3
Dodging        | |  2.0
Stealth        | |  2.0

Action                   |  1- 3 |  4- 6 |  7- 9 || total
-------------------------+-------+-------+-------++-------
Melee: Unarmed           |    27 |    39 |       ||    66
       Punch             |       |     3 |     3 ||     6
       Flail             |       |    71 |    42 ||   113
 Cast: Freeze            |    35 |    58 |    64 ||   157
       Frozen Ramparts   |     1 |     3 |    10 ||    14
       Ozocubu's Armour  |       |     2 |     9 ||    11
Armor: Robe              |    13 |    37 |    29 ||    79
Dodge: Dodged            |    52 |   100 |    58 ||   210
Block: Other             |     8 |    39 |    28 ||    75
       Reflection        |       |     1 |       ||     1

Table legend: (Time is in decaauts)
 A = Elapsed time spent in this place.
 B = Non-inter-level travel time spent in this place.
 C = Inter-level travel time spent in this place.
 D = Time resting spent in this place.
 E = Time spent auto-exploring this place.
 F = Levels seen in this place.
 G = Mean time per level.
                   A        B        C        D        E       F      G
               +--------+--------+--------+--------+--------+-----+--------+
         Total |   7182 |   6937 |    245 |    396 |   5532 |   6 | 1197.0 |
       Dungeon |   7182 |   6937 |    245 |    396 |   5532 |   6 | 1197.0 |
               +--------+--------+--------+--------+--------+-----+--------+

Top non-repeatable levels by time:
     D:5: 1989 daAuts
     D:1: 1525 daAuts
     D:3: 1389 daAuts
     D:4: 1157 daAuts
     D:2: 701 daAuts
     D:6: 419 daAuts
